 Dungeon Crawl Stone Soup version 0.27-a0-1196-g3e9cee4 (webtiles) character file.

Game seed: 2734129603950684447

9 Meow the Stinger (level 2, 6/22 HPs)
             Began as a Naga Venom Mage on May 27, 2021.
             Quit the game on level 1 of the Dungeon.
             The game lasted 00:01:05 (115 turns).

Meow the Stinger (Naga Venom Mage)                   Turns: 115, Time: 00:01:05

Health: 6/22       AC:  1    Str: 10    XL:     2   Next: 12%
Magic:  1/5        EV:  9    Int: 15    God:
Gold:   0          SH:  0    Dex: 11    Spells: 4/5 levels left

rFire    . . .     SeeInvis +   (no weapon)
rCold    . . .     Faith    .   (no shield)
rNeg     . . .     Spirit   .   a - +0 robe
rPois    +         Reflect  .   (no helmet)
rElec    .         Harm     .   (no cloak)
rCorr    .         Rampage  .   (no gloves)
Will     .....                  (no barding)
Stlth    ++........             (no amulet)
HPRegen  0.07/turn              (no ring)
MPRegen  0.09/turn              (no ring)

@: short of breath, very slow
A: AC +0, large, see invisible, deformed body, poison resistance, slowness 2,
spit poison 1, naga tail 1
a: Spit Poison


You were on level 1 of the Dungeon.
You visited 1 branch of the dungeon, and saw 1 of its levels.

Inventory:

Armour
 a - a +0 robe (worn)
Scrolls
 c - a scroll of identify {unknown}
 d - a scroll of blinking {unknown}
Potions
 b - 2 potions of degeneration {unknown}


   Skills:
 - Level 1.5 Dodging
 + Level 3.4 Stealth
 + Level 2.2 Spellcasting
 + Level 0.8 Conjurations
 - Level 1.0 Transmutations
 - Level 4.0 Poison Magic


You had 4 spell levels left.
You knew the following spells:

 Your Spells              Type           Power      Damage    Failure   Level
a - Sting                 Tmut/Pois      36%        1d4       8%          1

Your spell library contained the following spells:

 Spells                   Type           Power      Damage    Failure   Level
 Poisonous Vapours        Pois/Air       14%        N/A       14%         2
 Ignite Poison            Fire/Tmut/Pois 6%         N/A       32%         3
 Mephitic Cloud           Conj/Pois/Air  6%         N/A       32%         3
 Olgreb's Toxic Radiance  Pois           13%        N/A       38%         4


Dungeon Overview and Level Annotations

Branches:
Dungeon (1/15)

Altars:


Innate Abilities, Weirdness & Mutations

Your serpentine skin is tough. (AC +0)
You have supernaturally acute eyesight. (SInv)
Armour fits poorly on your strangely shaped body.
Your system is resistant to poisons. (rPois)
You cover ground very slowly.
You can spit poison.
You have a snake-like lower body.


Message History

Aiming: Sting (safe; 8% risk of failure)
Press: ? - help, Shift-Dir - straight line, f/p - goblin
Aim: a goblin, wielding a +0 dagger (60% to hit)
The sting misses the goblin.
The goblin hits you with a +0 dagger.
Unknown command.
Casting: Sting (safe; 8% risk of failure)
Confirm with . or Enter, or press ? or * to list all spells.
Aiming: Sting (safe; 8% risk of failure)
Press: ? - help, Shift-Dir - straight line, f/p - goblin
Aim: a goblin, wielding a +0 dagger (60% to hit)
The sting misses the goblin.
The goblin hits you with a +0 dagger.
You have got your breath back.
The goblin hits you with a +0 dagger. x2
* * * LOW HITPOINT WARNING * * *
The goblin closely misses you. The goblin barely misses you.
Press: ? - help, Shift-Dir - straight line, f/p - goblin
Aim: a goblin, wielding a +0 dagger The splash of poison hits the goblin.
The goblin is poisoned.
The goblin is moderately wounded.
The goblin closely misses you.
Unknown command.
You kill the goblin!
You have reached level 2!
Casting: Sting (safe; 8% risk of failure)
Confirm with . or Enter, or press ? or * to list all spells.
Aiming: Sting (safe; 8% risk of failure)
Press: ? - help, Shift-Dir - straight line, f - kobold
Aim: a kobold, wielding a +1 dagger of speed (60% to hit)
The sting hits the kobold.
The kobold is poisoned.
The kobold is severely wounded.
You have got your breath back.
You kill the kobold!
Press: ? - help, Shift-Dir - straight line, f - goblin
Aim: a goblin, wielding a +0 club The splash of poison hits the goblin.
The goblin is poisoned.
You kill the goblin!
Unknown command.
You see here a +1 dagger of speed.
Are you sure you want to abandon this character and quit the game? (Confirm with "yes".)

#.##.. #.##.# #####.##.#
#######.....##†#
#............#.###########[
###)###+###'###..#.†.........
#.............#....#.........
#.8.⌠⌠⌠>⌠⌠⌠.8.#.####...$.....
#....)........#.@)......$....
#≈≈≈≈≈≈≈≈≈≈≈≈≈#.####.........
#≈≈≈≈≈≈≈≈≈≈≈≈≈#.# #.........
#≈≈≈≈≈≈≈≈≈≈≈≈≈#.# #..$?.....
#≈≈≈≈≈≈≈≈≈≈≈≈≈#.# ##########
#≈≈≈≈≈≈≈≈≈≈≈≈≈#.#
#≈≈≈≈≈≈†≈≈≈≈≈≈#.#
#≈≈≈≈≈≈≈≈≈≈≈≈≈##
#≈≈≈≈≈≈≈≈≈≈≈≈≈#


There were no monsters in sight!

Vanquished Creatures
  2 ball pythons (D:1)
  2 kobolds (D:1)
  3 goblins (D:1)
  2 rats (D:1)
9 creatures vanquished.

Notes
Turn   | Place    | Note
-------+----------+-------------------------------------------
     0 | D:1      | Meow the Naga Venom Mage began the quest for the Orb.
     0 | D:1      | Reached XP level 1. HP: 15/15 MP: 3/3
   112 | D:1      | Reached XP level 2. HP: 6/22 MP: 1/5
   115 | D:1      | Quit the game

Illustrated notes

Levels and vault maps discovered:
D:1:      zaba_arrival_water, layout_rooms, serial_shops, shop

Action                   || total
-------------------------++-------
 Cast: Sting             ||     5
 Abil: Spit Poison       ||     9
Dodge: Dodged            ||     3

Table legend: (Time is in decaauts)
 A = Elapsed time spent in this place.
 B = Non-inter-level travel time spent in this place.
 C = Inter-level travel time spent in this place.
 D = Time resting spent in this place.
 E = Time spent auto-exploring this place.
 F = Levels seen in this place.
 G = Mean time per level.
                   A        B        C        D        E       F      G
               +--------+--------+--------+--------+--------+-----+--------+
         Total |    166 |    166 |      0 |     22 |     79 |   1 |  166.0 |
       Dungeon |    166 |    166 |      0 |     22 |     79 |   1 |  166.0 |
               +--------+--------+--------+--------+--------+-----+--------+

Top non-repeatable levels by time:
     D:1: 166 daAuts
